 Dungeon Crawl Stone Soup version 0.29.0-5-ge4962eb29e (webtiles) character file.

Game seed: 9222085451392909805

18 Zonian the Chiller (level 2, 0/19 HPs)
             Began as a Demonspawn Ice Elementalist on Aug 28, 2022.
             Slain by a quokka (4 damage)
             ... on level 2 of the Dungeon.
             The game lasted 00:01:18 (851 turns).

Zonian the Chiller (Demonspawn Ice Elementalist)     Turns: 851, Time: 00:01:18

Health: 0/19       AC:  5    Str:  8    XL:     2   Next: 48%
Magic:  1/5        EV: 12    Int: 16    God:
Gold:   70         SH:  0    Dex: 13    Spells: 4/5 levels left

rFire   . . .      SeeInvis .   e - +0 short sword
rCold   . . .      Faith    .   (no shield)
rNeg    . . .      Spirit   .   a - +0 robe
rPois   .          Reflect  .   (no helmet)
rElec   .          Harm     .   (no cloak)
rCorr   .          Rampage  .   h - +2 pair of gloves
Will    .....                   (no boots)
Stlth   ++........              (no amulet)
HPRegen 0.06/turn               (no ring)
MPRegen 0.09/turn               (no ring)

@: no status effects
A: powered by pain 1
a: no special abilities


You were on level 2 of the Dungeon.
You visited 1 branch of the dungeon, and saw 2 of its levels.

You collected 70 gold pieces.

Inventory:

Hand Weapons
 e - a +0 short sword (weapon)
Armour
 a - a +0 robe (worn)
 h - a +2 pair of gloves (worn)
Scrolls
 d - a scroll of identify {unknown}
 f - a scroll of immolation {unknown}
 g - 3 scrolls of teleportation {unknown}
Potions
 b - a potion of magic
 c - a potion of mutation {unknown}
 i - a potion of flight {unknown}
 j - a potion of lignification {unknown}


   Skills:
 + Level 2.1 Dodging
 + Level 2.1 Stealth
 + Level 2.2 Spellcasting
 + Level 3.8 Ice Magic


You had 4 spell levels left.
You knew the following spells:

 Your Spells              Type           Power      Damage    Failure   Level
a - Freeze                Ice            52%        1d7       4%          1

Your spell library contained the following spells:

 Spells                   Type           Power      Damage    Failure   Level
 Frozen Ramparts          Ice            26%        1d4       13%         3
 Ozocubu's Armour         Ice            13%        N/A       13%         3
 Hailstorm                Conj/Ice       7%         3d4       67%         4


Dungeon Overview and Level Annotations

Branches:
Dungeon (1/15)

Altars:


Innate Abilities, Weirdness & Mutations

You sometimes gain a little power by taking damage.


Message History

Found a bubbling sapphire potion.
The bat hits you but does no damage. The bat hits you but does no damage.
The rat closely misses you. The bat attacks as you move away!
The bat completely misses you. The bat closely misses you.
The rat bites you but does no damage. The bat closely misses you.
The bat attacks as you move away! The bat hits you.
The bat hits you but does no damage. x2
A quokka comes into view.
The bat completely misses you.
You see here a bubbling sapphire potion.
The bat hits you but does no damage.
Found 16 gold pieces.
The bat hits you but does no damage.
The quokka bites you but does no damage.
You freeze the bat.
You kill the bat!
The quokka bites you.
Unknown command.
You freeze the quokka.
The quokka is lightly wounded.
The rat barely misses you. The quokka bites you.
You are too injured to fight recklessly!
Unknown command.
You hit the quokka but do no damage.
The quokka is lightly wounded.
The quokka bites you but does no damage.
The rat barely misses you.
You barely miss the quokka.
The quokka is lightly wounded.
The quokka closely misses you. The rat barely misses you.
The quokka twitches its whiskers.
The quokka barely misses you.
Unknown command.
The quokka closely misses you. The quokka attacks as you move away!
The quokka closely misses you. The quokka attacks as you move away!
The quokka misses you. The kobold attacks as you move away!
The kobold hits you with a +0 dagger.
* * * LOW HITPOINT WARNING * * *
The quokka bites you.
You die...

..... ........[..##
.......####w.######
........# #.......#
##########
#.......# #........
#........ #r.......
#rK...... #@.......
#........ #....$...
#........ #........
#######.. ..


You could see a worm, a quokka, a kobold and a rat.

Vanquished Creatures
  3 ball pythons (D:1)
  3 bats
  An endoplasm (D:1)
  A giant cockroach (D:2)
  2 hobgoblins (D:1)
  2 jackals (D:1)
  A quokka (D:2)
  2 kobolds (D:1)
  A rat (D:1)
16 creatures vanquished.

Notes
Turn   | Place    | Note
-------+----------+-------------------------------------------
     0 | D:1      | Zonian the Demonspawn Ice Elementalist began the quest for
                  | the Orb.
     0 | D:1      | Reached XP level 1. HP: 13/13 MP: 3/3
   148 | D:1      | Found a faded altar of an unknown god.
   398 | D:1      | Gained mutation: You sometimes gain a little power by
                  | taking damage. [demonic ancestry]
   398 | D:1      | Reached XP level 2. HP: 19/19 MP: 0/5
   770 | D:1      | You fall into a shaft and drop 1 floor!
   851 | D:2      | Slain by a quokka

Illustrated notes

Levels and vault maps discovered:
D:1:      minmay_arrival_five_plusses, layout_basic,
          nicolae_ecumenical_lake_church
D:2:      layout_basic

Skill      XL: |  1 |
---------------+----+-----
Stealth        | 2 |  2.1
Dodging        | 2 |  2.1
Spellcasting   | |  2.2
Ice Magic      | |  3.8

Action                   || total
-------------------------++-------
Melee: Short sword       ||    20
 Cast: Freeze            ||    23
 Stab: Sleeping          ||     2
Armor: Robe              ||    17
Dodge: Dodged            ||    43
